 Dungeon Crawl Stone Soup version 0.29.1-1-gd02db6906a (console) character file.

Game seed: 18119499782147663140

1482 erker the Digger (level 8, -2/45 (46) HPs)
             Began as an Octopode Earth Elementalist on Oct 8, 2022.
             Slain by a wight
             ... wielding a +0 halberd
              (4 damage)
             ... on level 7 of the Dungeon.
             The game lasted 00:30:27 (9550 turns).

erker the Digger (Octopode Earth Elementalist)      Turns: 9550, Time: 00:30:27

HP:   -2/45 (46)    AC:  1    Str:  7    XL:     8   Next: 79%
MP:   11/11         EV: 17    Int: 20    God:
Gold: 94            SH:  0    Dex: 12    Spells: 2/11 levels left

rFire   . . .      SeeInvis .   a - +2 dagger (venom)
rCold   . . .      Faith    .   (no shield)
rNeg    . . .      Spirit   .   (helmet restricted)
rPois   .          Reflect  .   o - amulet of the acrobat
rElec   .          Harm     .   e - +4 ring of evasion
rCorr   .          Rampage  .   (no ring)
Will    .....                   (no ring)
Stlth   +++.......              (no ring)
HPRegen 0.15/turn               (no ring)
MPRegen 0.12/turn               (no ring)
                                (no ring)
                                (no ring)

@: lightly drained
A: almost no armour, amphibious, 8 rings, camouflage 1, gelatinous body 1,
(nimble swimmer 1), tentacles
a: no special abilities


You were on level 7 of the Dungeon.
You visited 2 branches of the dungeon, and saw 8 of its levels.

You collected 430 gold pieces.
You spent 336 gold pieces at shops.

Inventory:

Hand Weapons
 a - a +2 dagger of venom (weapon)
 b - a +0 dagger
Missiles
 d - a curare-tipped dart
 s - 3 datura-tipped darts (quivered)
 y - 12 poisoned darts
Armour
 B - an orb of energy
Jewellery
 e - a +4 ring of evasion (left tentacle)
 i - an amulet of faith
 o - an amulet of the acrobat (around mantle)
 w - a ring of ice
Scrolls
 c - a scroll of magic mapping {unknown}
 k - 3 scrolls of fear {unknown}
 l - 2 scrolls of brand weapon {unknown}
 n - 5 scrolls of teleportation {unknown}
 p - 2 scrolls of poison {unknown}
 q - 3 scrolls of identify {unknown}
 r - a scroll of butterflies {unknown}
 t - a scroll of acquirement {unknown}
Potions
 f - 2 potions of curing
 g - a potion of ambrosia {unknown}
 h - 2 potions of attraction {unknown}
 j - a potion of magic
 m - 3 potions of invisibility {unknown}
 u - a potion of resistance {unknown}
 v - 2 potions of flight {unknown}
 x - 3 potions of heal wounds {unknown}
 z - a potion of lignification {unknown}
 A - 3 potions of brilliance {unknown}


   Skills:
 - Level 2.0 Dodging
 - Level 4.0 Stealth
 - Level 2.0 Spellcasting
 - Level 2.0 Translocations
 + Level 7.2 Transmutations
 + Level 7.8 Earth Magic


You had 2 spell levels left.
You knew the following spells:

 Your Spells              Type           Power      Damage    Failure   Level
a - Sandblast             Erth           66%        2d15      1%          1
b - Blink                 Tloc           20%        N/A       11%         2
p - Petrify               Tmut/Erth      32%        N/A       7%          4
w - Passwall              Tmut/Erth      26%        N/A       1%          2

Your spell library contained the following spells:

 Spells                   Type           Power      Damage    Failure   Level
 Poisonous Vapours        Pois/Air       4%         N/A       24%         2
 Stone Arrow              Conj/Erth      34%        3d9       10%         3
 Dazzling Flash           Conj/Hex       4%         N/A       43%         3
 Passage of Golubria      Tloc           10%        N/A       56%         4
 Corpse Rot               Necr/Pois/Air  2%         N/A       83%         4


Dungeon Overview and Level Annotations

Branches:
Dungeon (7/15)             Temple (1/1) D:4

Altars:
Ashenzari
Elyvilon
Hepliaklqana
Kikubaaqudgha
Makhleb
Okawaru
Qazlal
Ru
Sif Muna
Trog
Uskayaw
Xom
Yredelemnul
Zin
The Shining One

Shops:
D:4 *

Annotations:
D:2 Robin
D:6 Pikel


Innate Abilities, Weirdness & Mutations

You cannot wear most types of armour.
You are amphibious.
You can wear up to eight rings at the same time.
Your skin changes colour to match your surroundings (Stealth+).
Your rubbery body absorbs attacks. (AC +1, EV +1)
((You are camouflaged when in or above water. (Stealth+)))
You have tentacles for arms and can constrict up to eight enemies at once.


Message History

Casting: Sandblast (safe; 1% risk of failure)
Confirm with . or Enter, or press ? or * to list all spells.
Aiming: Passwall (safe; 1% risk of failure)
Press: ? - help, Dir - move target A rock wall.
The killer bee buzzes angrily.
You begin to meditate on the wall.
You continue meditating on the rock. x2
The killer bee buzzes angrily. x2; You hear an angry buzzing noise.
The killer bee buzzes angrily.
You finish merging with the rock.
A killer bee is nearby!
Casting: Passwall (safe; 1% risk of failure)
Confirm with . or Enter, or press ? or * to list all spells.
Aiming: Sandblast (safe; 1% risk of failure)
Press: ? - help, Shift-Dir - straight line, f - killer bee
Aim: a killer bee (67% to hit)
The blast of sand hits the killer bee!!
You kill the killer bee!
Casting: Sandblast (safe; 1% risk of failure)
Confirm with . or Enter, or press ? or * to list all spells.
Aiming: Passwall (safe; 1% risk of failure)
Press: ? - help, Dir - move target A rock wall.
You begin to meditate on the wall.
You continue meditating on the rock. x2
You finish merging with the rock.
(D) Dungeon (T) Temple
Where to? (Enter - D:6 @ (x,y), ? - help)
You open the door.
There is an open door here.
There is an open door here.
Magic restored.
There is a stone staircase leading down here.
You climb downwards.
The orc warrior hits you from afar with a +0 trident.
There is a stone staircase leading up here.
The orc warrior hits you from afar with a +0 trident!
The wight hits you from afar with a +0 halberd!
* * * LOW HITPOINT WARNING * * *
You feel drained.
You die...

.....# ....##...#....#.#....##
.....# ....#.##.##...###...##
##..#..z #........#....#....#
....# ##.......##.......##
..$.# ..##.........#.>.♣.>.#
#...... ..##.......##.......#
.#.... ..........##.)..#....#
..#....
........).##...###...###
##..... #...oz.@[.#....#
#....#. .......
#..#.###..).♣.## ##.♣.'. ...
#...##.)## #o.#..)### #...##
.#####.....### #.###K##.####.##
.. .......)..# #[..<.....###.#
#...#.#...)..####z.#..........#
#..#..)).z..##..##.######
####........##...#..#
#.##.............#


You could see an orc warrior, 2 wights, an orc priest (wandering) and a kobold.

Vanquished Creatures
  A water moccasin (D:6)
  A centaur (D:6)
  4 lemures (D:6)
  A phantom (D:5)
  2 kobold brigands (D:7)
  Blork the orc (D:4)
  A necrophage (D:5)
  4 scorpions
  A wight (D:7)
  A killer bee (D:6)
  3 jellies
  An orc priest (D:6)
  3 hounds
  8 orc wizards
  3 gnolls (D:7)
  7 adders
  An ufetubus (D:5)
  3 worms
  2 dart slugs
  20 orcs
  4 ball pythons
  7 bats
  9 endoplasms
  7 goblins
  8 hobgoblins
  4 jackals
  9 quokkas
  3 frilled lizards
  17 kobolds
  2 rats
138 creatures vanquished.

Vanquished Creatures (others)
  6 plants (D:7)
6 creatures vanquished.

Grand Total: 144 creatures vanquished

Notes
Turn   | Place    | Note
-------+----------+-------------------------------------------
     0 | D:1      | erker the Octopode Earth Elementalist began the quest for
                  | the Orb.
     0 | D:1      | Reached XP level 1. HP: 11/11 MP: 3/3
   548 | D:1      | Reached XP level 2. HP: 17/17 MP: 0/5
  1191 | D:1      | Reached XP level 3. HP: 21/21 MP: 6/6
  1384 | D:2      | Identified the +2 scale mail of Tiewirir {rC+ Regen+ rCorr
                  | Int-4}
  1416 | D:2      | Learned a level 2 spell: Passwall
  1640 | D:2      | Noticed Robin
  1718 | D:3      | Reached XP level 4. HP: 15/27 MP: 1/7
  1900 | D:4      | Found a staircase to the Ecumenical Temple.
  1907 | Temple   | Entered the Ecumenical Temple
  2176 | D:4      | Found an iron altar of Okawaru.
  2328 | D:4      | Found Lahietaz's Assorted Antiques.
  2511 | D:4      | Noticed Blork the orc
  2815 | D:3      | Found a stormy altar of Qazlal.
  2854 | D:3      | You fall into a shaft and drop 3 floors!
  2872 | D:6      | Noticed a lemure
  2901 | D:6      | Killed a lemure
  2982 | D:6      | Learned a level 4 spell: Petrify
  2991 | D:6      | Noticed a lemure
  3009 | D:6      | Killed a lemure
  3110 | D:6      | Noticed a lemure
  3122 | D:6      | Killed a lemure
  3151 | D:6      | Noticed a lemure
  3179 | D:6      | Killed a lemure
  3191 | D:6      | Noticed Pikel
  3231 | D:7      | Noticed an orc warrior
  3236 | D:7      | Noticed a centaur
  3636 | D:6      | Noticed a centaur
  3640 | D:6      | Noticed an orc warrior
  3647 | D:6      | Noticed an ogre
  3655 | D:7      | Reached XP level 5. HP: 11/31 MP: 6/8
  4198 | D:6      | Got the Textbook on the Planar Oath
  4205 | D:6      | Reached XP level 6. HP: 36/36 MP: 7/9
  4208 | D:6      | Learned a level 2 spell: Blink
  4250 | D:5      | Entered Level 5 of the Dungeon
  4353 | D:5      | Reached skill level 5 in Earth Magic
  4362 | D:5      | Reached skill level 1 in Translocations
  4776 | D:5      | Reached XP level 7. HP: 12/41 MP: 7/10
  5139 | D:5      | Reached skill level 5 in Transmutations
  5342 | D:4      | Killed Blork the orc
  5476 | D:4      | Found a hazy altar of Hepliaklqana.
  6694 | D:2      | Found a stormy altar of Qazlal.
  8187 | D:7      | Reached XP level 8. HP: 46/46 MP: 3/11
  8461 | D:4      | Bought a runed orb for 336 gold pieces
  8645 | D:6      | HP: 2/46 [poisoned by a water moccasin]
  9550 | D:7      | HP: 2/46 [wight/+0 halberd (12)]
  9550 | D:7      | Slain by a wight

Illustrated notes

Levels and vault maps discovered:
D:1:      minmay_arrival_shattered_statue, layout_basic
D:2:      layout_rooms, basic_altar, uniq_robin
D:3:      layout_loops_ring, old_standard_altar, nicolae_figureground_pulse
D:4:      layout_basic, mainiacjoe_overflow_24_doors, lemuel_doored_altar,
          minmay_temple_entry_junction, serial_shops, shop_coins, minivault_27,
          minmay_misc_feat_four_crosses, uniq_blork_the_orc
D:5:      layout_gridville, kennysheep_small_circle
D:6:      layout_basic, minmay_a_box_with_orc_wizards_in_it, uniq_pikel
D:7:      kennysheep_kobold_camp, layout_cave_pools,
          grunt_temple_overflow_opulence, nicolae_overflow_hidden_temple,
          grunt_ministairs_13, minmay_misc_feat_square
Temple:   hellmonk_temple_forest_ring

Skill      XL: |  1  2  3  4  5  6  7  8 |
---------------+-------------------------+-----
Stealth        | 3 4 |  4.0
Transmutations | 2 3 4 5 7 |  7.2
Earth Magic    | 4 5 6 7 |  7.8
Translocations | 1 2 |  2.0
Dodging        | |  2.0
Spellcasting   | |  2.0

Action                   |  1- 3 |  4- 6 |  7- 9 || total
-------------------------+-------+-------+-------++-------
Melee: Dagger            |    31 |    78 |   102 ||   211
       Constrict         |     6 |    18 |    26 ||    50
       Tentacles         |     4 |    21 |    28 ||    53
       Punch             |     1 |     3 |     2 ||     6
Throw: Dart              |       |     3 |       ||     3
 Cast: Sandblast         |    40 |    26 |    35 ||   101
       Passwall          |       |     4 |    12 ||    16
       Petrify           |       |     1 |    12 ||    13
  Use: Scroll            |       |     1 |     2 ||     3
       Potion            |       |       |     1 ||     1
 Stab: Sleeping          |     4 |     4 |    11 ||    19
       Petrified         |       |     3 |    16 ||    19
       Distracted        |       |       |     1 ||     1
       Petrifying        |       |       |     1 ||     1
Armor: Skin              |     5 |     5 |     1 ||    11
Dodge: Dodged            |    51 |    49 |    82 ||   182
